 Dungeon Crawl Stone Soup version 0.30-a0-474-g5673dd7ce6 (webtiles) character file.

Game seed: 630175293221636376

58 Bnni the Slasher (level 3, -1/31 HPs)
             Began as a Draconian Gladiator on Dec 20, 2022.
             Slain by an orc wizard
             ... wielding a +2 dagger of venom
              (5 damage)
             ... on level 3 of the Dungeon.
             The game lasted 00:02:38 (1528 turns).

Bnni the Slasher (Draconian Gladiator)              Turns: 1528, Time: 00:02:38

Health: -1/31      AC:  8    Str: 16    XL:     3   Next: 75%
Magic:  3/3        EV: 12    Int: 10    God:
Gold:   119        SH:  0    Dex: 12    Spells: 2/2 levels left

rFire   . . .      SeeInvis .    a - +0 long sword
rCold   . . .      Faith    .    (no shield)
rNeg    . . .      Spirit   .    (body armour unavailable)
rPois   .          Reflect  .    b - +0 hat
rElec   .          Harm     .    (no cloak)
rCorr   .          Rampage  .    (no gloves)
Will    .....                    i - +2 pair of boots
Stlth   +.........               (no amulet)
HPRegen 0.25/turn                (no ring)
MPRegen 0.08/turn                (no ring)

@: confused, lethally poisoned (-1 -> -13), ambrosia-drunk, invisible
A: AC +5, unfitting armour, cold-blooded
a: no special abilities


You were on level 3 of the Dungeon.
You visited 1 branch of the dungeon, and saw 3 of its levels.

You collected 119 gold pieces.

Inventory:

Hand Weapons
 a - a +0 long sword (weapon)
Missiles
 c - 3 throwing nets (quivered)
 d - a javelin
Armour
 b - a +0 hat (worn)
 i - a +2 pair of boots (worn)
Scrolls
 k - a scroll of teleportation
 l - a scroll of amnesia
 m - a scroll of brand weapon {unknown}
Potions
 f - a potion of degeneration {unknown}
 g - a potion of mutation


   Skills:
 + Level 3.1 Fighting
 * Level 4.3 Long Blades
 - Level 1.7 Throwing
 - Level 2.6 Dodging


You had 2 spell levels left.
You didn't know any spells.
Your spell library contained the following spells:

 Spells                   Type           Power      Damage    Failure   Level
 Necrotise                Necr           0%         1d4       36%         1
 Vampiric Draining        Necr           0%         2d6       75%         3
 Agony                    Necr           0%         N/A       100%        5


Dungeon Overview and Level Annotations

Branches:
Dungeon (3/15)

Altars:
Elyvilon
Hepliaklqana
Qazlal
Sif Muna
Vehumet


Innate Abilities, Weirdness & Mutations

Your plain brown scales are hard. (AC +5)
You cannot fit into any form of body armour.
You are cold-blooded and may be slowed by cold attacks.


Message History

The orc dies!
You feel better.
You hear some strange, mumbled words.
A magic dart appears from out of thin air!
The magic dart hits you.
The goblin shoots a sling bullet.
The sling bullet hits the orc.
You barely miss something. Something hits you.
The goblin shoots a sling bullet.
The sling bullet completely misses you. Something hits you but does no damage.
You are poisoned.
You miss something.
You feel sick.
The goblin shoots a sling bullet.
The sling bullet misses you. Something hits you but does no damage.
You are lethally poisoned!
The goblin shoots a sling bullet.
The sling bullet hits the orc.
The orc dies!
Unknown command.
You miss something.
Your tail-slap misses something.
* * * LOW HITPOINT WARNING * * *
You feel very sick. Something hits you but does no damage.
Unknown command.
Welcome back, Bnni the Draconian Gladiator.
Press ? for a list of commands and other information.
Welcome back, Bnni the Draconian Gladiator.
Press ? for a list of commands and other information.
You are confused.
You feel invigorated.
* * * LOW HITPOINT WARNING * * *
You feel very sick. Something hits you but does no damage.
You are more poisoned.
Deactivating autopickup; reactivate with Ctrl-A.
The goblin shoots a sling bullet.
The sling bullet hits you.
* * * LOW HITPOINT WARNING * * *
Unknown command.
You bump into the rock wall.
* * * LOW HITPOINT WARNING * * *
You feel very sick. Something hits you.
You die...

#.. ...## #.# #...#
########.########...#
............##......#
###......##.##.##o.##
###.#######.##.#S..#
....#......<...#g#.#
.#..####.#######)#.#
.#....#. ......{@#.#
.##.#.############.#
###.#..........)...#
....################
##### # # #


You could see an adder (unable to see you), an orc (unable to see you) and a
goblin (unable to see you).

Vanquished Creatures
  An adder (D:3)
  2 dart slugs
  2 orcs (D:3)
  4 ball pythons
  3 endoplasms
  4 giant cockroaches
  2 goblins (D:2)
  2 hobgoblins (D:1)
  4 jackals (D:1)
  A quokka (D:2)
  7 bats
  A frilled lizard (D:2)
  2 kobolds (D:2)
  4 rats
39 creatures vanquished.

Vanquished Creatures (others)
  2 orcs (D:3)
2 creatures vanquished.

Grand Total: 41 creatures vanquished

Notes
Turn   | Place    | Note
-------+----------+-------------------------------------------
     0 | D:1      | Bnni the Draconian Gladiator began the quest for the Orb.
     0 | D:1      | Reached XP level 1. HP: 17/17 MP: 1/1
   180 | D:1      | Found a faded altar of an unknown god.
   187 | D:1      | Reached XP level 2. HP: 20/25 MP: 2/2
   749 | D:2      | Identified the +1 leather armour of Monotheism {rElec
                  | Int+4}
   909 | D:2      | Reached XP level 3. HP: 30/30 MP: 3/3
  1043 | D:2      | Reached skill level 4 in Long Blades
  1454 | D:3      | Found a radiant altar of Vehumet.
  1456 | D:3      | Found a hazy altar of Hepliaklqana.
  1457 | D:3      | Found a stormy altar of Qazlal.
  1459 | D:3      | Found a white marble altar of Elyvilon.
  1460 | D:3      | Found a shimmering blue altar of Sif Muna.
  1528 | D:3      | Slain by an orc wizard

Illustrated notes

Levels and vault maps discovered:
D:1:      dpeg_arrival_windows_large_door, layout_loops_cross,
          hellmonk_ecumenical_altar_dog_temple, moated_statue
D:2:      layout_loops_ring
D:3:      layout_basic, minitemple, kennysheep_generic_room_9

Skill      XL: |  1  2  3 |
---------------+----------+-----
Long Blades    | 4 |  4.3
Fighting       | 3 |  3.1
Throwing       | |  1.7
Dodging        | |  2.6

Action                   || total
-------------------------++-------
Melee: Long sword        ||    97
       Tailslap          ||    10
  Use: Scroll            ||     6
       Potion            ||     4
 Stab: Sleeping          ||     1
Armor: Skin              ||    53
Dodge: Dodged            ||    73

Table legend: (Time is in decaauts)
 A = Elapsed time spent in this place.
 B = Non-inter-level travel time spent in this place.
 C = Inter-level travel time spent in this place.
 D = Time resting spent in this place.
 E = Time spent auto-exploring this place.
 F = Levels seen in this place.
 G = Mean time per level.
                   A        B        C        D        E       F      G
               +--------+--------+--------+--------+--------+-----+--------+
         Total |   1548 |   1466 |     82 |      0 |   1155 |   3 |  516.0 |
       Dungeon |   1548 |   1466 |     82 |      0 |   1155 |   3 |  516.0 |
               +--------+--------+--------+--------+--------+-----+--------+

Top non-repeatable levels by time:
     D:1: 708 daAuts
     D:2: 649 daAuts
     D:3: 190 daAuts
